Map: Cactus Valley LE (Void)

Players

GuMiho

  • Race: Terran Terran
  • Spawn Location: 11:00

TYTY (TY) - Winner!

  • Race: Terran Terran
  • Spawn Location: 1:00

Event: IEM XI Katowice - World Championship 2017

VOD

Have the link to the VOD?

Description

Time

  • Played on: March 4, 2017, 12:30 p.m.
  • Length: 12:02

All games in this series

Show
View Real Time Build Order
Export as new Build Order

GuMiho Terran 

Build Orders: Reaper Expand, MMM Bio 

Get SALT Encoding   

  12  0:00  SCV  
  13  0:12  SCV  
  14  0:17  Supply Depot  
  14  0:24  SCV  
  15  0:29  Refinery  
  15  0:39  SCV  
  16  0:45  Barracks  
  16  0:51  SCV  
  17  1:03  SCV  
  18  1:15  SCV  
  19  1:32  Reaper, Orbital Command  
  20  1:44  Command Center  
  20  1:55  Factory  
  20  1:59  SCV  
  21  2:06  Barracks Reactor  
  21  2:11  SCV  
  21  2:15  Supply Depot  
  22  2:18  Refinery  
  22  2:23  SCV  
  24  2:37  SCV  
  24  2:45  Starport  
  24  2:49  SCV  
  24  2:51  Hellion x2  
  29  2:54  Reaper  
  30  3:01  SCV  
  30  3:03  Orbital Command  
  31  3:12  Hellion  
  33  3:16  Hellion  
  33  3:18  SCV  
  35  3:26  Viking  
  37  3:31  Supply Depot  
  37  3:33  SCV  
  38  3:36  SCV  
  37  3:50  SCV x2  
  37  3:53  Cyclone  
  37  3:54  Cyclone  
  37  3:55  Refinery  
  45  4:02  SCV x2  
  47  4:04  Supply Depot  
  47  4:14  SCV x2  
  47  4:15  Viking  
  51  4:17  Barracks Tech Lab  
  51  4:25  Supply Depot  
  51  4:26  SCV x2  
  51  4:27  Hellion  
  51  4:30  Hellion  
  57  4:38  SCV x2  
  59  4:50  SCV x2  
  59  4:51  Barracks Tech Lab  
  59  4:52  Raven  
  61  5:03  SCV x2  
  49  5:15  Marine, SCV x2  
  49  5:19  Stimpack  
  52  5:22  Barracks  
  52  5:24  Factory Tech Lab, Command Center  
  52  5:26  Refinery  
  52  5:27  SCV x2  
  54  5:33  Marine  
  55  5:38  Raven  
  55  5:39  SCV  
  55  5:42  SCV  
  59  5:48  Engineering Bay  
  55  5:51  SCV, Engineering Bay  
  55  5:52  Bunker, Siege Tank  
  55  5:54  SCV  
  60  6:00  Supply Depot  
  60  6:01  Barracks  
  60  6:02  Barracks  
  60  6:03  Supply Depot, Barracks  
  60  6:04  SCV  
  61  6:05  Marine  
  61  6:06  SCV  
  61  6:09  Marine x2  
  65  6:16  Terran Infantry Weapons Level 1  
  65  6:17  Terran Infantry Armor Level 1  
  65  6:19  SCV  
  65  6:21  SCV  
  65  6:23  Supply Depot  
  65  6:25  Marine  
  68  6:27  Siege Tank  
  71  6:34  Starport Reactor  
  71  6:35  SCV  
  71  6:36  SCV, Orbital Command  
  71  6:39  Supply Depot  
  73  6:40  Marine x2  
  73  6:43  Marine  
  73  6:45  Missile Turret  
  76  6:50  Barracks Reactor  
  76  6:52  Barracks Reactor  
  76  6:54  SCV  
  77  6:59  Supply Depot  
  77  7:01  Combat Shields  
  77  7:02  Marine x4  
  77  7:04  Sensor Tower  
  77  7:07  Siege Tank  
  83  7:19  Medivac  
  83  7:21  Marine x3  
  83  7:22  Marine  
  89  7:28  Supply Depot, Marine x2  
  89  7:29  Marine x2  
  93  7:30  Medivac  
  95  7:37  Armory  
  95  7:41  Marine x3  
  95  7:43  Marine  
  98  7:46  Marine  
  98  7:47  Marine x3  
  102  7:55  Medivac  
  103  7:58  Marine  
  103  7:59  Marine x2  
  103  8:01  Marine  
  103  8:04  Marine  
  103  8:05  Marine x3  
  110  8:10  Supply Depot  
  110  8:12  Supply Depot  
  111  8:15  Siege Tank  
  111  8:16  Marine x3  
  111  8:18  Medivac  
  111  8:19  Marine  
  117  8:22  Marine x2  
  117  8:23  Marine x2  
  121  8:34  Marine x3  
  121  8:37  Marine  
  121  8:40  Marine x3  
  121  8:41  Marine  
  128  8:47  Siege Tank  
  132  8:51  Supply Depot  
  132  8:52  Supply Depot, Marine x3  
  132  8:54  Marine, Medivac x2  
  140  8:57  Marine  
  140  8:58  Marine x2  
  140  8:59  Marine  
  121  9:06  Terran Infantry Weapons Level 2  
  121  9:10  Marine x3  
  121  9:12  Marine  
  121  9:15  Marine  
  121  9:16  Marine x3  
  129  9:27  Marine  
  129  9:28  Marine x2  
  129  9:30  Marine  
  133  9:33  Marine  
  133  9:34  Marine x3  
  130  9:45  Marine x2  
  130  9:46  Marine  
  130  9:47  Medivac x2  
  130  9:48  Marine  
  130  9:51  Marine  
  130  9:52  Marine x3  
  133  10:03  Marine x3  
  133  10:06  Marine  
  134  10:09  Marine x3  
  134  10:10  Marine  
  138  10:21  Marine x3  
  124  10:23  Marine  
  124  10:26  Marine  
  124  10:27  Marine  
  108  10:29  Marine x2  
  84  10:39  Marine x3  
  84  10:41  Marine  
  83  10:44  Marine  
  83  10:45  Marine  
  83  10:47  Marine x2  
  87  10:57  Marine x3  
  87  10:59  Marine  
  87  11:02  Marine  
  87  11:03  Marine  
  91  11:05  Marine x2  
  76  11:14  Marine x2  
  76  11:15  Marine  
  52  11:20  Marine  
  44  11:26  Orbital Command  
Show
View Real Time Build Order
Export as new Build Order

TYTY Terran - Winner!

Build Orders: Reaper Expand, Bio Tank 

Get SALT Encoding   

  12  0:00  SCV  
  13  0:12  SCV  
  14  0:18  Supply Depot  
  14  0:24  SCV  
  14  0:27  Refinery  
  15  0:40  SCV  
  16  0:44  Barracks  
  16  0:52  SCV  
  17  1:04  SCV  
  18  1:16  SCV  
  19  1:31  Reaper, Orbital Command  
  20  1:43  Command Center  
  20  1:54  Factory  
  20  1:57  SCV  
  21  2:05  Barracks Reactor  
  21  2:07  Refinery  
  21  2:09  SCV  
  21  2:14  Supply Depot  
  22  2:21  SCV  
  23  2:36  SCV  
  23  2:38  Hellion  
  23  2:41  Marine x2  
  23  2:42  Starport  
  27  2:48  SCV  
  28  2:58  Orbital Command  
  28  2:59  Marine  
  28  3:04  SCV  
  30  3:08  Cyclone  
  33  3:16  Marine, SCV  
  33  3:17  Marine  
  36  3:22  Medivac  
  36  3:26  SCV  
  39  3:29  SCV  
  40  3:34  Marine  
  40  3:35  Supply Depot  
  40  3:38  Marine  
  40  3:41  SCV  
  39  3:45  Factory Tech Lab  
  39  3:47  SCV  
  39  3:52  Marine, Viking  
  42  3:56  Marine  
  42  3:58  SCV  
  42  4:02  SCV  
  45  4:07  Engineering Bay  
  45  4:10  SCV  
  45  4:14  SCV  
  45  4:15  Marine x2  
  52  4:22  SCV  
  50  4:26  Starport Tech Lab, Siege Tank  
  50  4:28  Supply Depot  
  50  4:30  SCV  
  54  4:32  Supply Depot  
  54  4:41  Supply Depot x2  
  54  4:46  Refinery  
  54  4:49  SCV x2  
  56  4:57  Marine  
  56  5:04  SCV x2  
  56  5:06  Siege Tank  
  49  5:14  Marine  
  49  5:16  Stimpack, SCV x2  
  52  5:28  SCV x2  
  53  5:30  Barracks  
  53  5:31  Barracks  
  53  5:33  Marine  
  52  5:36  Terran Infantry Weapons Level 1  
  52  5:40  SCV x2  
  52  5:47  Starport Reactor  
  52  5:52  SCV x2  
  52  5:53  Marine  
  55  5:59  Refinery  
  55  6:03  Siege Tank  
  58  6:04  SCV x2  
  58  6:10  Marine  
  61  6:16  SCV x2  
  61  6:17  Marine x2, Barracks  
  61  6:18  Barracks  
  65  6:27  Marine x2  
  65  6:28  Marine, SCV  
  65  6:29  Starport Reactor  
  65  6:31  SCV  
  70  6:35  Marine x2, Siege Tank  
  75  6:41  SCV  
  75  6:43  Supply Depot  
  76  6:52  Marine x3  
  76  6:53  Marine  
  80  7:00  Command Center  
  80  7:04  Medivac  
  80  7:05  Supply Depot, Medivac  
  80  7:06  Barracks Reactor  
  80  7:07  Marine, Barracks Reactor  
  85  7:10  Marine  
  85  7:11  Marine  
  85  7:15  Supply Depot, Siege Tank  
  90  7:20  Marine x2  
  90  7:21  Combat Shields  
  92  7:32  Marine x3  
  92  7:36  Viking x2  
  100  7:41  Terran Infantry Armor Level 1  
  98  7:44  Marine  
  98  7:45  Marine x3  
  98  7:48  Supply Depot  
  102  7:55  Siege Tank  
  104  8:00  Marine  
  104  8:01  Marine x2  
  104  8:02  Marine  
  110  8:10  Viking  
  112  8:14  Supply Depot, Orbital Command  
  112  8:15  Supply Depot  
  110  8:21  Viking  
  110  8:26  Marine  
  110  8:27  Marine x5  
  113  8:32  Siege Tank  
  121  8:40  Viking  
  123  8:46  Marine x3  
  125  8:51  Marine x2, Viking  
  125  8:52  Liberator  
  129  8:55  Marine x2  
  131  9:04  Liberator  
  131  9:06  Siege Tank  
  135  9:12  Refinery  
  135  9:13  Refinery  
  134  9:20  Marine  
  134  9:21  Marine x8  
  146  9:29  Supply Depot  
  142  9:38  Marine  
  142  9:39  Siege Tank  
  142  9:44  Marine x2  
  146  9:46  Marine x2  
  146  9:51  Marine x2  
  150  9:52  Medivac  
  150  9:53  SCV x2  
  150  9:57  Marine x2  
  156  10:01  Armory  
  156  10:02  Engineering Bay  
  156  10:16  Marine, Viking  
  156  10:17  Marine x3  
  156  10:19  Marine x2, Siege Tank  
  151  10:22  Viking  
  138  10:33  SCV x2  
  138  10:34  Marine x3  
  120  10:46  Medivac  
  120  10:49  Marine x2  
  123  10:50  Marine x2  
  123  10:51  Siege Tank  
  123  10:52  Medivac  
  123  10:54  Marine  
  132  10:59  Marine x2  
  132  11:01  SCV x2  
  131  11:10  Marine x2  
  99  11:23  Siege Tank  
  99  11:24  Marine x7  
  90  11:29  Medivac x2  
  90  11:30  Marine x2  
  92  11:42  Marine x4  
  99  11:53  Sensor Tower  

Tags
 
Add a new tag
Caveats
  • Supply blocks, unpowered buildings, or Contaminate may cause inaccurate times.
  • Supply counts are checked every 10 seconds.